[Event "ICCopen2017"]
[Site "Internet Chess Club"]
[Date "2017.03.25"]
[Round "11"]
[White "Cowboystiefel"]
[Black "cloak1"]
[Result "1-0"]
[ICCResult "Black forfeits on time"]
[WhiteElo "2136"]
[BlackElo "1847"]
[Opening "Neo-Grünfeld, 6.cd Nxd5, 7.O-O Nb6"]
[ECO "D76"]
[NIC "KI.80"]
[Time "16:09:52"]
[TimeControl "180+0"]

1. d4 Nf6 2. c4 g6 3. g3 d5 4. Nf3 Bg7 5. cxd5 Nxd5 6. Bg2 O-O 7. O-O Nb6 8.
Nc3 c6 9. e4 Bg4 10. e5 f6 11. exf6 Bxf6 12. Qb3+ Kg7 13. Be3 Bxf3 14. Bxf3
Bxd4 15. Bxd4+ Qxd4 16. Bg2 Na6 17. Rad1 Qf6 18. Ne4 Qf7 19. Qc3+ Kg8 20.
Ng5 Qf6 21. Qb3+ Kh8 22. Ne6 Rg8 23. Rfe1 Rac8 24. h4 Nc7 25. Ng5 Rcf8 26.
Re2 Ncd5 27. Bh3 e5 28. a4 Re8 29. a5 Nc8 30. Qxb7 Rg7 31. Qb3 Nd6 32. Bg2
h6 33. Ne4 Nxe4 34. Bxe4 Ne7 35. Rde1 Nf5 36. Bxf5 gxf5 37. Qc3 Rge7 38. Qc5
Re6 39. Qxa7 R8e7 40. Qb8+ Re8 41. Qb3 R8e7 42. a6 f4 43. Qf3 fxg3 44. Qxf6+
Rxf6 45. fxg3 c5 46. Rxe5 Rxe5 47. Rxe5 Rxa6 48. Rxc5 Rb6 49. Rc2 Rg6 50.
Kg2 Rb6 51. Rc8+ Kg7 52. Rc7+ Kf8 53. Rc2 Ke8 54. Kf3 Kd8 55. Kf4 Kd7 56. g4
Ke7 57. g5 Kf7 58. Kg4 Kg6 59. h5+ Kg7 60. g6 Rb4+ 61. Kg3 Kf6 62. Rc7 Rb3+
63. Kf4 Rb4+ 64. Ke3 Rb3+ 65. Kd4 Rb8 66. Rf7+ Kg5 67. g7 Rg8 68. b4 Kxh5
69. b5 Kg6 70. Rd7 h5 71. b6 h4 72. Rd6+ Kxg7 73. Rd7+ Kf6 74. b7 Rb8 75.
Rc7 Ke6 76. Ke4 Kd6 77. Rh7 Kc6 78. Rh6+ Kxb7 79. Rh7+ Ka8 80. Rh6 Rb4+ 81.
Kd3 Rb6 82. Rh8+ Ka7 83. Rh7+ Ka6 84. Rh5 {Black forfeits on time} 1-0

[Event "ICCopen2017"]
[Site "Internet Chess Club"]
[Date "2017.03.25"]
[Round "11"]
[White "devotional"]
[Black "Djukanyc"]
[Result "1-0"]
[ICCResult "Black forfeits on time"]
[WhiteElo "2061"]
[BlackElo "1845"]
[Opening "Sicilian defense"]
[ECO "B40"]
[NIC "SI.43"]
[Time "16:10:20"]
[TimeControl "180+0"]

1. e4 c5 2. Nf3 e6 3. g3 d5 4. exd5 exd5 5. d4 Nf6 6. Bg2 Nc6 7. O-O cxd4 8.
Nxd4 Be7 9. c4 O-O 10. Nxc6 bxc6 11. Nc3 Be6 12. Qa4 Qb6 13. cxd5 cxd5 14.
b3 Rac8 15. Bb2 d4 16. Ne4 d3 17. Nxf6+ Bxf6 18. Bxf6 gxf6 19. Rad1 Rfd8 20.
Rd2 Rc2 21. Rfd1 Rd4 22. Qe8+ Kg7 23. h4 Qb4 24. Rxd3 Rxd3 25. Rxd3 Rc1+ 26.
Kh2 Qe1 27. g4 Bxg4 28. Qxe1 Rxe1 29. Rg3 h5 30. f3 f5 31. fxg4 hxg4 32. Rc3
Re2 33. Rc4 Rxa2 34. Kg3 Kf6 35. Bb7 Ke5 36. Rc5+ Kf6 37. Bc8 Ra3 38. Rxf5+
Kg6 39. Rb5 f6 40. Bxg4 {Black forfeits on time} 1-0

[Event "ICCopen2017"]
[Site "Internet Chess Club"]
[Date "2017.03.25"]
[Round "11"]
[White "manusupergm2001"]
[Black "neverend"]
[Result "0-1"]
[ICCResult "White checkmated"]
[WhiteElo "2160"]
[BlackElo "2556"]
[Opening "Van't Kruijs opening"]
[ECO "D94"]
[NIC "GI.09"]
[Time "16:10:12"]
[TimeControl "180+0"]

1. e3 Nf6 2. d4 g6 3. c4 Bg7 4. Nc3 O-O 5. Nf3 d5 6. Be2 c5 7. O-O cxd4 8.
exd4 Nc6 9. h3 dxc4 10. Bxc4 Na5 11. Be2 Be6 12. Ne5 Rc8 13. Bf3 Nd5 14. Bd2
Nc4 15. Nxc4 Rxc4 16. Ne2 Qb6 17. b3 Rcc8 18. Bg5 Rfe8 19. Qd2 Qb4 20. Qxb4
Nxb4 21. Bxb7 Rc2 22. Nf4 Bf5 23. a3 Nd3 24. Ba6 Nxf2 25. Ne2 Nd3 26. Rxf5
gxf5 27. Bxd3 Rxe2 28. Bxe2 Bxd4+ 29. Kh2 Bxa1 30. Bd3 e6 31. Be3 Be5+ 32.
g3 Rd8 33. Bc4 Bd4 34. Bg5 Rd6 35. Bf4 e5 36. Bg5 Bb6 37. Kg2 Kg7 38. Kf3 f6
39. Bc1 Rd1 40. Bb2 Bd4 41. Bxd4 Rxd4 42. Be6 Kg6 43. g4 fxg4+ 44. hxg4 Kg5
45. Bf5 h5 46. Be6 hxg4+ 47. Kg3 Rd3+ 48. Kf2 Kf4 49. Bc4 Rd2+ 50. Ke1 Rb2
51. a4 g3 52. Kf1 e4 53. Kg1 f5 54. a5 Ke3 55. b4 f4 56. b5 f3 57. b6 Rb1+
58. Bf1 g2 59. bxa7 gxf1=Q+ 60. Kh2 Qg2# {White checkmated} 0-1

[Event "ICCopen2017"]
[Site "Internet Chess Club"]
[Date "2017.03.25"]
[Round "11"]
[White "Montserrat"]
[Black "mkayem1"]
[Result "1-0"]
[ICCResult "Black forfeits on time"]
[WhiteElo "1913"]
[BlackElo "2023"]
[Opening "English: Caro-Kann defensive system"]
[ECO "A11"]
[NIC "EO.64"]
[Time "16:09:58"]
[TimeControl "180+0"]

1. c4 c6 2. Nc3 d5 3. cxd5 cxd5 4. d4 Nf6 5. g3 Nc6 6. Bg2 e6 7. e3 Bb4 8.
Ne2 O-O 9. O-O a6 10. a3 Bd6 11. b4 b6 12. Na4 Bb7 13. Bb2 Rc8 14. Rc1 Ne7
15. Qb3 Nf5 16. Rxc8 Bxc8 17. Rc1 Bd7 18. Nac3 Qe7 19. e4 dxe4 20. Nxe4 Nxe4
21. Bxe4 Qg5 22. Bg2 h5 23. Rd1 h4 24. Bc1 Qg4 25. Qf3 Qg6 26. Nf4 Qf6 27.
Nh5 Qd8 28. d5 e5 29. Bb2 g6 30. g4 gxh5 31. gxf5 Qg5 32. Kh1 Bxf5 33. Rg1
Bg4 34. Qe4 Qf4 35. h3 Bf5 36. Bf3+ Kh7 37. Qxf4 exf4 38. Bxh5 Bg6 39. Bxg6+
fxg6 40. f3 Rf5 41. Rd1 Be5 42. Bxe5 Rxe5 43. d6 Re8 44. d7 Rd8 45. Kg2 Kg7
46. Rd4 Kf7 47. Rxf4+ Ke7 48. Rxh4 Rxd7 49. Rh7+ Ke6 50. Rxd7 Kxd7 51. Kg3
Ke6 52. Kg4 Kf6 53. f4 Kg7 54. h4 Kf7 55. h5 Kg7 56. hxg6 Kxg6 57. f5+ Kf6
58. Kf4 Kf7 59. Kg5 Ke7 60. f6+ Kf7 61. Kf5 b5 62. Ke5 Ke8 63. Kd5 Kf8 64.
Kc5 Kf7 65. Kb6 Kxf6 66. Kxa6 Ke5 67. Kxb5 Kd4 68. a4 Kc3 69. a5
{Black forfeits on time}
1-0

[Event "ICCopen2017"]
[Site "Internet Chess Club"]
[Date "2017.03.25"]
[Round "11"]
[White "Buscapina"]
[Black "manitodeplomo"]
[Result "1-0"]
[ICCResult "Black checkmated"]
[WhiteElo "2195"]
[BlackElo "2440"]
[Opening "Sicilian: Smith-Morra gambit"]
[ECO "B21"]
[NIC "SI.48"]
[Time "16:09:54"]
[TimeControl "180+0"]

1. e4 c5 2. d4 cxd4 3. c3 dxc3 4. Nxc3 Nc6 5. Nf3 e6 6. Bc4 a6 7. O-O Nge7
8. Bg5 f6 9. Be3 b5 10. Bb3 Na5 11. Bc2 Bb7 12. Nd4 Rc8 13. f4 Nc4 14. Bc1
Nc6 15. Nb3 Bb4 16. f5 O-O 17. Qg4 N6e5 18. Qh3 a5 19. fxe6 Qb6+ 20. Kh1
dxe6 21. a4 bxa4 22. Nxa4 Qc6 23. Nd4 Qd6 24. Nxe6 Rfe8 25. Nf4 Ng6 26. Nxg6
hxg6 27. Bb3 Bxe4 28. Bf4 Qd3 29. Qxd3 Bxd3 30. Rfd1 Be2 31. Rd7 Kh7 32. h3
g5 33. Bg3 Kh6 34. Nc3 Nxb2 35. Nxe2 Rxe2 36. Bf7 Rcc2 37. Rd8 g6 38. Bd5
Red2 39. Rf1 f5 40. Be5 g4 41. h4 g5 42. Rh8+ Kg6 43. Rg8+ Kh5 44. Rxg5+
Kxh4 45. Bf6 g3 46. Rgxf5+ Kg4 47. R1f4# {Black checkmated} 1-0

[Event "ICCopen2017"]
[Site "Internet Chess Club"]
[Date "2017.03.25"]
[Round "11"]
[White "JCT2000"]
[Black "TrendFriend"]
[Result "0-1"]
[ICCResult "White forfeits on time"]
[WhiteElo "1894"]
[BlackElo "2346"]
[Opening "Sicilian: closed, Korchnoi variation"]
[ECO "B23"]
[NIC "SI.44"]
[Time "16:10:09"]
[TimeControl "180+0"]

1. e4 c5 2. Nc3 e6 3. g3 d5 4. exd5 exd5 5. Bg2 Nf6 6. d3 Nc6 7. Nge2 Be7 8.
O-O O-O 9. Nf4 d4 10. Ncd5 Nxd5 11. Nxd5 Bd6 12. Qh5 Be6 13. Nf4 Bxf4 14.
Bxf4 Qd7 15. Qxc5 Rac8 16. Rfe1 h6 17. Re2 Bg4 18. Ree1 a6 19. a4 Rfe8 20.
a5 Bh3 21. Be4 Be6 22. Re2 Bg4 23. Ree1 Be6 24. Re2 Red8 25. Rae1 Bg4 26. f3
Be6 27. Qb6 Re8 28. b4 Qe7 29. b5 axb5 30. Qxb5 Qd7 31. Qb6 Ra8 32. Bc7 Rec8
33. Bf4 Ra6 34. Qb5 Rxa5 35. Qb2 Raa8 36. Qb6 Ra6 37. Qb2 Rca8 38. g4 Ra2
39. Qb6 R2a6 40. Qb2 Ra2 41. Qb6 R8a6 42. Qc5 Qe7 43. Qxe7 Nxe7 44. Bxb7 Rb6
45. Be4 Rbb2 46. Bg3 Rxc2 47. Rxc2 Rxc2 48. Rf1 Nd5 49. Rf2 Rc1+ 50. Kg2 Rc3
51. Be5 Ne3+ 52. Kg3 Rc1 53. Bxd4 Nd1 54. Re2 Nc3 55. Rb2 f5 56. Rb8+ Kf7
57. gxf5 Bxf5 58. Bxf5 Nd5 59. Rb7+ Ke8 60. Be4 Nf4 61. Kg4 Ng2 62. Rb8+ Rc8
{White forfeits on time}
0-1

[Event "ICCopen2017"]
[Site "Internet Chess Club"]
[Date "2017.03.25"]
[Round "11"]
[White "marianzaim"]
[Black "kentaur"]
[Result "1-0"]
[ICCResult "Black forfeits on time"]
[WhiteElo "1954"]
[BlackElo "1675"]
[Opening "English opening"]
[ECO "A20"]
[NIC "EO.24"]
[Time "16:10:21"]
[TimeControl "180+0"]

1. c4 e5 2. g3 Nc6 3. Bg2 d6 4. Nc3 g6 5. Nf3 Bg7 6. O-O Nge7 7. d3 O-O 8.
Rb1 f5 9. a3 h6 10. Bd2 g5 11. b4 Ng6 12. b5 Nce7 13. a4 f4 14. Ne4 Nf5 15.
a5 b6 16. axb6 axb6 17. Ra1 Bb7 18. Qb3 Kh7 19. Qb2 g4 20. Ne1 Nd4 21. Bc3
f3 22. exf3 Nxf3+ 23. Nxf3 gxf3 24. Bh3 Bxe4 25. dxe4 Rxa1 26. Rxa1 Qg5 27.
Bd2 Nf4 28. Bf1 Qg4 29. Kh1 Nh3 30. Be3 h5 31. Ra7 Rf7 32. Bxb6 Qxe4 33. Be3
Qf5 34. Qd2 e4 35. Rb7 Be5 36. b6 cxb6 37. Rxf7+ Qxf7 38. Bxb6 Nf4 39. Be3
Qf5 40. Qc2 Ne2 41. Bxe2 fxe2 42. Qxe2 Qf3+ 43. Qxf3 exf3 44. Kg1 Kg6 45.
Kf1 Kf5 46. h3 Bc3 47. c5 Ke4 48. cxd6 Ba5 49. d7 Kd5 50. Bg5 Ke6 51. d8=Q
Bxd8 52. Bxd8 Kf5 53. Bh4 Ke4 54. Ke1 Kd3 55. Bg5 Kc2 56. Be3 Kd3 57. g4 Ke4
58. gxh5 {Black forfeits on time} 1-0

[Event "ICCopen2017"]
[Site "Internet Chess Club"]
[Date "2017.03.25"]
[Round "11"]
[White "HuevosDeLeon"]
[Black "Maxbet"]
[Result "1-0"]
[ICCResult "Black resigns"]
[WhiteElo "2618"]
[BlackElo "2803"]
[Opening "Queen's pawn: London system"]
[ECO "A45"]
[NIC "QP.07"]
[Time "16:10:23"]
[TimeControl "180+0"]

1. d4 Nf6 2. Bf4 d5 3. e3 c5 4. Nf3 Nc6 5. Nbd2 cxd4 6. exd4 Bf5 7. c3 e6 8.
Qb3 Bd6 9. Bxd6 Qxd6 10. Be2 O-O 11. O-O Rab8 12. a4 a6 13. Rfe1 Rfc8 14.
Nh4 Bg6 15. Nxg6 hxg6 16. Bd3 Na5 17. Qd1 Nc6 18. Nf3 b5 19. axb5 axb5 20.
Ne5 Ne7 21. Qf3 b4 22. g4 bxc3 23. bxc3 Rf8 24. Ra6 Qc7 25. Rc1 Rb3 26. c4
dxc4 27. Rxc4 Qd8 28. Rca4 Rb8 29. Ra7 Nfd5 30. h4 Rc8 31. Kh2 Rc7 32. Ra8
Rc8 33. R8a7 Nf6 34. g5 Nh5 35. Rd7 Qe8 36. Raa7 Nd5 37. Rxf7 Rxf7 38. Rxf7
Ne7 39. Rxe7 Qxe7 40. Nxg6 Qd6+ 41. Kg2 Rc3 42. Qxh5 Rxd3 43. Qh8+ Kf7 44.
Ne5+ Ke7 45. Qxg7+ Ke8 46. Qg8+ Ke7 47. Qh7+ Ke8 48. Qxd3 Qd5+ 49. f3 Qd6
50. Kg3 Ke7 51. Qh7+ Ke8 52. Qe4 Kd8 53. g6 Ke8 54. Qf4 Qa3 55. g7 Kd8 56.
g8=Q+ {Black resigns} 1-0

[Event "ICCopen2017"]
[Site "Internet Chess Club"]
[Date "2017.03.25"]
[Round "11"]
[White "joppie"]
[Black "fasteagle1"]
[Result "1-0"]
[ICCResult "Black forfeits on time"]
[WhiteElo "1623"]
[BlackElo "1284"]
[Opening "Queen's pawn"]
[ECO "A40"]
[NIC "QO.17"]
[Time "16:10:21"]
[TimeControl "180+0"]

1. d4 e6 2. c4 c5 3. Nc3 Nc6 4. Nf3 d6 5. Bg5 Be7 6. Bxe7 Ngxe7 7. dxc5 dxc5
8. Qxd8+ Kxd8 9. e3 Bd7 10. Be2 Kc7 11. O-O Rad8 12. Ne4 b6 13. Nc3 h5 14.
Nb5+ Kb8 15. h3 g5 16. Nxg5 Rhg8 17. Nxf7 Rdf8 18. Nfd6 e5 19. Ne4 Bxh3 20.
g3 Nf5 21. Bxh5 Nh4 22. Rfe1 Nf3+ 23. Bxf3 Rxf3 24. Nbd6 Ne7 25. Nd2 Rf6 26.
N6e4 Rf7 27. Rad1 Nf5 28. Nf1 Nh4 29. Ned2 Nf5 30. Ne4 Nh4 31. Nh2 Bg2 32.
Nd6 Rf6 33. Rd2 Nf3+ 34. Nxf3 Bxf3 35. Nf5 Rh8 36. Nh4 Rg6 37. Kh2 Rg4 38.
Rd6 Rgxh4+ 39. gxh4 Rxh4+ 40. Kg3 Rg4+ 41. Kxf3 Rg8 42. Red1 Kb7 43. Rd7+
Ka6 44. Rd8 Rxd8 45. Rxd8 e4+ 46. Kxe4 Kb7 47. Kd3 Kc7 48. Rh8 Kd7 49. Kc3
Ke6 50. b4 Ke5 51. bxc5 bxc5 52. Ra8 a5 53. Ra7 Kd6 54. Rxa5 Kc6 55. Ra6+
Kd7 56. Rf6 Ke7 57. Rf4 Ke6 58. Kb3 Ke5 59. Ka4 Kd6 60. Kb5 Ke5 61. a4
{Black forfeits on time}
1-0

[Event "ICCopen2017"]
[Site "Internet Chess Club"]
[Date "2017.03.25"]
[Round "11"]
[White "Hacker21"]
[Black "Chigorinetz"]
[Result "0-1"]
[ICCResult "White forfeits on time"]
[WhiteElo "1822"]
[BlackElo "1858"]
[Opening "Réti: King's Indian attack (Barcza system)"]
[ECO "A07"]
[NIC "QP.09"]
[Time "16:10:07"]
[TimeControl "180+0"]

1. Nf3 d5 2. g3 Nc6 3. d4 Bf5 4. Bg2 Nb4 5. Na3 e6 6. c3 Na6 7. Nc2 Nf6 8.
O-O Be4 9. Nce1 c5 10. Nd3 c4 11. Nde5 Nc7 12. Bh3 Bd6 13. Nd2 Bg6 14. f4
Ne4 15. Ndf3 f6 16. Nxg6 hxg6 17. Bg2 f5 18. Ne5 Bxe5 19. dxe5 b5 20. Be3 a5
21. a3 Kf7 22. Qd4 b4 23. axb4 Nb5 24. Qb6 Qxb6 25. Bxb6 axb4 26. cxb4 Nd2
27. Rfd1 Nb3 28. Rxa8 Rxa8 29. Ba5 Nxa5 30. Ra1 Rb8 31. bxa5 Na7 32. Ra2 Ke7
33. Kf2 Kd7 34. Ke3 Kc6 35. Kd4 Nb5+ 36. Ke3 Kc5 37. Bf3 Na7 38. h4 Rb3+ 39.
Kd2 d4 40. h5 gxh5 41. Bxh5 Rxg3 42. Bf7 Rg2 43. Ke1 Kd5 44. a6 d3 45. exd3
cxd3 46. Ra5+ Ke4 47. Kf1 Rxb2 48. Bxe6 Ke3 49. Ra1 g6 50. Bc4 Rf2+ 51. Kg1
Rxf4 52. e6 Nc6 53. Bb5 Rg4+ 54. Kf1 Ne5 55. e7 Nf3 56. Re1+ Kf4 57. e8=Q
Rg1+ 58. Kf2 Rg2+ 59. Kf1 Rg1+ 60. Kf2 Rxe1 61. Qxe1 Nxe1
{White forfeits on time}
0-1

[Event "ICCopen2017"]
[Site "Internet Chess Club"]
[Date "2017.03.25"]
[Round "11"]
[White "fishmaster"]
[Black "Zephyr"]
[Result "1-0"]
[ICCResult "Black forfeits on time"]
[WhiteElo "1741"]
[BlackElo "1541"]
[Opening "Caro-Kann: closed (Breyer) variation"]
[ECO "B10"]
[NIC "CK.01"]
[Time "16:10:24"]
[TimeControl "180+0"]

1. e4 c6 2. d3 d5 3. Nd2 e5 4. Ngf3 Bd6 5. g3 Bg4 6. Bg2 h6 7. O-O Nf6 8. h3
Bh5 9. b3 Bg6 10. Re1 Nbd7 11. Bb2 O-O 12. exd5 cxd5 13. Nh4 Bh7 14. g4 Re8
15. Nf5 Bc5 16. c4 dxc4 17. Nxc4 Qc7 18. Rc1 e4 19. dxe4 Bxf5 20. exf5 Qg3
21. Rxe8+ Rxe8 22. Bd4 Bxd4 23. Qxd4 Qh4 24. Nd6 Re2 25. Rf1 Ne5 26. Bd5
Qxh3 27. Nxf7 Nxd5 28. Nxe5 Rxe5 29. Qxe5 Qxg4+ 30. Qg3 Qxg3+ 31. fxg3 Kf7
32. Rd1 Ne3 33. Rd7+ Kf6 34. Rxb7 Nxf5 35. Rxa7 Nxg3 36. b4 Ne2+ 37. Kf2 Nc3
38. Rb7 Nxa2 39. b5 Nc3 40. b6 Ne4+ 41. Ke3 Nd6 42. Rb8 Nc4+ 43. Kd4 Nxb6
44. Rxb6+ Kg5 45. Ke3 g6 46. Kf3 Kh4 47. Kg2 Kh5 48. Kh2 g5 49. Rb4 Kg6 50.
Kg3 h5 51. Kh3 h4 52. Kg4 Kh6 53. Rb3 Kg6 54. Rh3 Kf6 55. Rb3 Kg6 56. Rb6+
Kg7 57. Kxg5 Kf7 58. Rb3 Ke7 59. Rh3 Kd7 60. Rxh4 Kd6 61. Rf4 Kc6 62. Kg4
Kb6 63. Rf5 Kc6 64. Kf4 Kb6 65. Ke4 Kc6 66. Re5 Kd6 67. Kf4 Kc6 68. Ke4 Kd6
69. Kd4 Kc6 70. Rd5 Kb6 71. Kc4 {Black forfeits on time} 1-0

[Event "ICCopen2017"]
[Site "Internet Chess Club"]
[Date "2017.03.25"]
[Round "11"]
[White "FightForHonor"]
[Black "MRHZ"]
[Result "1-0"]
[ICCResult "Black resigns"]
[WhiteElo "1916"]
[BlackElo "2041"]
[Opening "French: Winawer, advance variation"]
[ECO "C16"]
[NIC "FR.09"]
[Time "16:10:21"]
[TimeControl "180+0"]

1. e4 e6 2. d4 d5 3. Nc3 Bb4 4. e5 Ne7 5. Bd2 b6 6. f4 Bxc3 7. Bxc3 Ba6 8.
Bxa6 Nxa6 9. Nf3 c5 10. O-O cxd4 11. Nxd4 Nc5 12. f5 exf5 13. Nxf5 Nxf5 14.
Rxf5 O-O 15. Rh5 Ne4 16. Qf3 Qe7 17. Rf1 Qc5+ 18. Kh1 Nxc3 19. bxc3 Rac8 20.
Qf5 h6 21. Qg4 Qc4 22. Qf5 Qe4 23. Qxe4 dxe4 24. Rh3 Rc5 25. e6 f5 26. Rd1
f4 27. Kg1 e3 28. Kf1 Rxc3 29. Rf3 Rxc2 30. Re1 g5 31. e7 Re8 32. g3 Rxh2
33. gxf4 Rh1+ 34. Ke2 Rxe1+ 35. Kxe1 gxf4 36. Rxf4 Rxe7 37. Ra4 e2 38. Rg4+
Kh7 39. a4 h5 40. Rg5 Kh6 41. Rd5 h4 42. a5 Re6 43. a6 Re7 44. Rb5 h3 45.
Rb3 Kg5 46. Rxh3 Kf6 47. Rh8 Kf7 48. Rb8 Ke6 49. Kxe2 Kd6+ 50. Kd3 Kc6 51.
Kc4 Re4+ 52. Kd3 Ra4 53. Kc3 Rxa6 54. Kb4 Ra5 55. Rh8 Rb5+ 56. Ka4 Rc5 57.
Rh6+ Kb7 58. Kb4 Ka6 59. Rh7 Rg5 60. Kc4 Rg4+ 61. Kb3 b5 62. Rg7 Kb6 63.
Rxg4 a5 64. Rg6+ Kc5 65. Rg5+ Kb6 66. Rf5 Kc6 67. Kc3 Kb6 68. Rf1 Kc5 69.
Ra1 Kb6 70. Kb3 Ka6 71. Kb2 Kb6 72. Rc1 Ka6 73. Rc6+ Kb7 74. Rh6 Kc7 75. Ka3
Kb7 76. Kb3 Kc7 77. Kc3 Kb7 78. Kd4 Kc7 79. Kc5 a4 80. Kxb5 {Black resigns}
1-0

[Event "ICCopen2017"]
[Site "Internet Chess Club"]
[Date "2017.03.25"]
[Round "11"]
[White "Marcoluis"]
[Black "Eigeneier"]
[Result "1/2-1/2"]
[ICCResult "Game drawn because neither player has mating material"]
[WhiteElo "1624"]
[BlackElo "1908"]
[Opening "King's Indian: Petrosian system, Stein variation"]
[ECO "E92"]
[NIC "KI.17"]
[Time "16:10:15"]
[TimeControl "180+0"]

1. d4 Nf6 2. c4 g6 3. Nc3 Bg7 4. e4 d6 5. Nf3 O-O 6. Be2 e5 7. d5 a5 8. Bg5
h6 9. Bh4 Na6 10. Nd2 Qe8 11. O-O Nh7 12. b3 f5 13. f3 g5 14. Bf2 f4 15. a3
Bd7 16. Rb1 h5 17. h3 Nf6 18. b4 axb4 19. axb4 Qg6 20. c5 g4 21. fxg4 hxg4
22. hxg4 Bxg4 23. Bxg4 Nxg4 24. Qf3 Kf7 25. cxd6 cxd6 26. Nc4 Rad8 27. Nb5
Nxf2 28. Kxf2 Rh8 29. Rh1 Rxh1 30. Rxh1 Bf8 31. Qh3 Nxb4 32. Qh7+ Qxh7 33.
Rxh7+ Kg6 34. Rxb7 Nd3+ 35. Ke2 Nc5 36. Ra7 Nxe4 37. Kf3 Nf6 38. Ra6 Nxd5
39. Ncxd6 Bxd6 40. Rxd6+ Rxd6 41. Nxd6 Kf6 42. Ne4+ Kf5 43. g4+ fxg3 44.
Nxg3+ Ke6 45. Ne2 Nf6 46. Nc3 Kf5 47. Ke3 Nd5+ 48. Nxd5 Ke6 49. Nc3 Kd6 50.
Ke4 Ke6 51. Ne2 Kd6 52. Nf4 Ke7 53. Ng6+ Kf6 54. Nxe5
{Game drawn because neither player has mating material}
1/2-1/2

[Event "ICCopen2017"]
[Site "Internet Chess Club"]
[Date "2017.03.25"]
[Round "11"]
[White "Eliezer"]
[Black "Kjaan1974"]
[Result "1-0"]
[ICCResult "Black forfeits on time"]
[WhiteElo "1555"]
[BlackElo "1398"]
[Opening "Philidor's defense"]
[ECO "C41"]
[NIC "KP.10"]
[Time "16:10:23"]
[TimeControl "180+0"]

1. e4 e5 2. Nf3 d6 3. Be2 h6 4. h3 Nf6 5. d3 Be6 6. b3 a6 7. Bb2 Be7 8. Nbd2
Nc6 9. c4 Qd7 10. Nf1 O-O 11. Ne3 b5 12. Nd5 bxc4 13. bxc4 Bxd5 14. cxd5 Na7
15. Bc3 c6 16. dxc6 Nxc6 17. Rb1 d5 18. exd5 Nxd5 19. Bd2 f5 20. O-O Kh7 21.
Nh2 f4 22. Bf3 Rab8 23. Be4+ g6 24. Qa4 Rxb1 25. Rxb1 Qe6 26. Qc4 Rd8 27.
Rb7 Nd4 28. Nf3 Nxf3+ 29. Bxf3 h5 30. Bxd5 Rxd5 31. Bb4 Rd6 32. Bxd6 Qxc4
33. dxc4 Kh6 34. Rxe7 g5 35. Rxe5 Kg6 36. Ra5 g4 37. Rxa6 gxh3 38. gxh3 Kf5
39. f3 Kg5 40. Kg2 h4 41. c5 Kf5 42. c6 Ke6 43. c7 Kd7 44. Ra8 Kxd6 45. c8=Q
Kd5 46. Rb8 Kd6 47. Qd8+ Kc6 48. Rc8+ Kb5 49. Qc7 Kb4 50. Qb7+
{Black forfeits on time}
1-0

[Event "ICCopen2017"]
[Site "Internet Chess Club"]
[Date "2017.03.25"]
[Round "11"]
[White "BlackHorse96"]
[Black "Red-white"]
[Result "1-0"]
[ICCResult "Black forfeits on time"]
[WhiteElo "3067"]
[BlackElo "3005"]
[Opening "Queen's pawn game"]
[ECO "D00"]
[NIC "QP.07"]
[Time "16:10:16"]
[TimeControl "180+0"]

1. d4 Nf6 2. Nc3 d5 3. Bf4 Bf5 4. e3 e6 5. Nf3 Bd6 6. Ne5 Nbd7 7. Bd3 Bxd3
8. cxd3 Qe7 9. O-O c6 10. Qf3 O-O 11. Ne2 Rac8 12. Qg3 Nh5 13. Qh3 Nxf4 14.
exf4 c5 15. dxc5 Bxe5 16. fxe5 Rxc5 17. d4 Rc2 18. Nf4 Qg5 19. Nxd5 Rxb2 20.
Ne3 Qf4 21. Rad1 Nb6 22. a3 Rd8 23. d5 Nxd5 24. Nxd5 exd5 25. Rxd5 Rd2 26.
Rxd8+ Rxd8 27. e6 fxe6 28. Qxe6+ Qf7 29. Qe3 b6 30. Re1 h6 31. h4 Qf6 32. g3
Rf8 33. Re2 Qf5 34. Kh2 Rf7 35. Qd4 Kh7 36. Rd2 b5 37. Qb4 a6 38. a4 Rb7 39.
a5 Rf7 40. Qd6 Rf6 41. Qd4 Qg6 42. Kg2 Qb1 43. Rd3 Qe1 44. h5 Qe6 45. Re3
Qf5 46. Qe4 Qxe4+ 47. Rxe4 Rf5 48. Re6 b4 49. Rxa6 b3 50. Rb6 Rxa5 51. g4
Ra4 52. Kg3 Ra3 53. f3 Ra1 54. Rxb3 Rg1+ 55. Kf2 Rc1 56. Rb2 Rc6 57. Re2 Rf6
58. Kg3 Rf7 59. Re4 g6 60. Rf4 Rg7 61. hxg6+ Kxg6 62. Re4 h5 63. gxh5+ Kxh5+
64. Kf2 Rf7 65. Re2 Rg7 66. Re4 Kg6 67. Ke3 Kf6 68. Rf4+ Ke6 69. Rd4 Kf5 70.
Re4 Kg5 71. Rf4 {Black forfeits on time} 1-0

[Event "ICCopen2017"]
[Site "Internet Chess Club"]
[Date "2017.03.25"]
[Round "11"]
[White "achessman"]
[Black "zandoli"]
[Result "1-0"]
[ICCResult "Black forfeits on time"]
[WhiteElo "1797"]
[BlackElo "1874"]
[Opening "French: Chigorin variation"]
[ECO "C00"]
[NIC "FR.01"]
[Time "16:10:35"]
[TimeControl "180+0"]

1. e4 e6 2. Qe2 c5 3. g3 Nc6 4. Bg2 Be7 5. Nf3 Nf6 6. O-O O-O 7. c3 d5 8. e5
Nd7 9. d4 a6 10. a4 h6 11. Rd1 Re8 12. Bh3 Qb6 13. Be3 cxd4 14. cxd4 Qd8 15.
Nc3 Nb4 16. Rdc1 Nb6 17. Nd2 Bd7 18. a5 Nc8 19. Nb3 Na7 20. Bf1 Nb5 21. Qd2
Nxc3 22. bxc3 Nc6 23. c4 Bb4 24. Qb2 dxc4 25. Rxc4 Bf8 26. Nc5 Bxc5 27. Rxc5
Rc8 28. Qxb7 Rb8 29. Qxa6 Nb4 30. Qe2 Nd5 31. Bg2 Nb4 32. a6 Rc8 33. Qc4
Rxc5 34. Qxc5 Nd5 35. Bxd5 exd5 36. Qxd5 Qc8 37. Qb7 Bc6 38. Qxc8 Rxc8 39.
Rc1 Kf8 40. d5 Bd7 41. Rxc8+ Bxc8 42. Bc5+ Ke8 43. f4 Bxa6 44. Kf2 Bb7 45.
d6 Kd7 46. Ke3 f6 47. Bd4 fxe5 48. fxe5 g5 49. Bc3 Ke6 50. Kd4 Bc6 51. Kc5
Bd7 52. Kb6 h5 53. Kc7 h4 54. gxh4 gxh4 55. Be1 h3 56. Bg3 Bb5 57. Kb6 Bd7
58. Kc7 Be8 59. Kd8 Bd7 60. Kc7 Ba4 61. Kb6 Bd7 62. Kc5 Be8 63. Kd4 Bd7 64.
Ke3 Be8 65. Kf4 Bd7 66. Kg5 Kd5 67. Kf6 Bc8 68. Ke7 Kc6 69. e6
{Black forfeits on time}
1-0

[Event "ICCopen2017"]
[Site "Internet Chess Club"]
[Date "2017.03.25"]
[Round "11"]
[White "bennywins"]
[Black "Piranha"]
[Result "1-0"]
[ICCResult "Black forfeits on time"]
[WhiteElo "1487"]
[BlackElo "1628"]
[Opening "Sicilian"]
[ECO "B56"]
[NIC "SI.25"]
[Time "16:11:02"]
[TimeControl "180+0"]

1. e4 c5 2. Nf3 d6 3. d4 cxd4 4. Nxd4 Nf6 5. Nc3 Nc6 6. Be3 e5 7. Ndb5 a6 8.
Na3 b5 9. Nd5 Nxd5 10. exd5 Ne7 11. Be2 f5 12. c4 b4 13. Nc2 a5 14. b3 f4
15. Bc1 Nf5 16. a3 Rb8 17. axb4 axb4 18. Bd2 Be7 19. Bxb4 O-O 20. O-O Qb6
21. Ra3 Bd7 22. Ba5 Qb7 23. h3 Nh4 24. Bg4 Qc8 25. Bxd7 Qxd7 26. Nb4 f3 27.
Nc6 fxg2 28. Qg4 Qxg4 29. hxg4 gxf1=Q+ 30. Kxf1 Bg5 31. Nxb8 Rxb8 32. Bc7
Rb7 33. Bxd6 Bf4 34. Ra8+ Kf7 35. Rf8+ Kg6 36. Ke2 Ng2 37. b4 Kg5 38. Rg8 g6
39. Re8 e4 40. Bxf4+ Nxf4+ 41. Ke3 Rxb4 42. Rxe4 Rb3+ 43. Kd4 Ne2+ 44. Kc5
Rb1 45. Re5+ Kf4 46. Rxe2 Kxg4 47. d6 Kf5 48. d7 Rb8 49. d8=Q Rxd8 50. Re5+
Kxe5 51. f4+ {Black forfeits on time} 1-0

[Event "ICCopen2017"]
[Site "Internet Chess Club"]
[Date "2017.03.25"]
[Round "11"]
[White "Bojack"]
[Black "justinchess"]
[Result "1-0"]
[ICCResult "Black forfeits on time"]
[WhiteElo "2067"]
[BlackElo "2237"]
[Opening "Sicilian"]
[ECO "B50"]
[NIC "SI.01"]
[Time "16:10:28"]
[TimeControl "180+0"]

1. e4 c5 2. Nf3 d6 3. c3 Nf6 4. Bd3 Nbd7 5. O-O a6 6. Re1 e6 7. Bc2 Be7 8.
d4 cxd4 9. cxd4 O-O 10. Nbd2 b6 11. Nf1 Bb7 12. Ng3 Rc8 13. Bg5 h6 14. Be3
Qc7 15. Rc1 Qb8 16. h3 Qa8 17. Qd2 Nxe4 18. Nxe4 Bxe4 19. Bxe4 Qxe4 20. Bxh6
Qg6 21. Bf4 Nf6 22. Qe2 b5 23. a4 Nd5 24. Bg3 bxa4 25. Qxa6 Ra8 26. Qe2 Rfb8
27. Ra1 Nb4 28. Rec1 Nd3 29. Rc2 Nb4 30. Rc7 Nd5 31. Rc4 Nb6 32. Rc7 Nd5 33.
Rc4 Nb6 34. Rb4 d5 35. Rb5 Rb7 36. Ne5 Qf5 37. Nc6 Bf8 38. Na5 Rba7 39. Nc6
Ra6 40. Ne5 a3 41. bxa3 Na4 42. Rb7 Nc3 43. Qe1 Rxa3 44. Rxa3 Rxa3 45. Rxf7
Qe4 46. Qd2 Ra1+ 47. Kh2 Ne2 48. Qb2 Rb1 49. Qa2 Nxg3 50. Kxg3 Bd6 51. Qa8+
Kh7 52. Rxg7+ Kxg7 53. Qa7+ Kh6 54. Qf7 Bxe5+ 55. dxe5 Qxe5+ 56. Qf4+ Qg5+
57. Qxg5+ Kxg5 58. h4+ {Black forfeits on time} 1-0